 Dungeon Crawl Stone Soup version 0.28-a0-60-g54b5640690 (webtiles) character file.

Game seed: 18434420532777215116

1113 zazu2006 the Magician (level 8, -2/68 HPs)
             Began as a Naga Hedge Wizard on July 30, 2021.
             Slain by a water moccasin (7 damage)
             ... on level 4 of the Dungeon.
             The game lasted 00:08:58 (7721 turns).

zazu2006 the Magician (Naga Hedge Wizard)           Turns: 7721, Time: 00:08:59

Health: -2/68      AC:  5    Str: 12    XL:     8   Next: 33%
Magic:  2/16       EV: 14    Int: 17    God:
Gold:   177        SH:  0    Dex: 11    Spells: 6/17 levels left

rFire   . . .      SeeInvis +   q - +2 dagger (venom)
rCold   . . .      Faith    .   (no shield)
rNeg    . . .      Spirit   .   f - +0 leather armour
rPois   +          Reflect  .   b - +0 helmet
rElec   .          Harm     .   (no cloak)
rCorr   +          Rampage  .   (no gloves)
Will    +....                   (no barding)
Stlth   ++........              (no amulet)
HPRegen 0.21/turn               a - +4 ring of evasion
MPRegen 0.15/turn               l - ring of resist corrosion

@: very slow
A: AC +2, large, see invisible, deformed body, poison resistance, slowness 2,
spit poison 1, naga tail 1
a: Spit Poison


You were on level 4 of the Dungeon.
You visited 1 branch of the dungeon, and saw 5 of its levels.

You collected 177 gold pieces.

Inventory:

Hand Weapons
 q - a +2 dagger of venom (weapon)
Missiles
 p - 60 poisoned darts
 t - a throwing net
Armour
 b - a +0 helmet (worn)
 f - a +0 leather armour (worn)
Jewellery
 a - a +4 ring of evasion (left hand)
 l - a ring of resist corrosion (right hand)
Wands
 r - a wand of polymorph (9)
 w - a wand of paralysis (5)
Scrolls
 c - a scroll of blinking {unknown}
 d - 2 scrolls of enchant weapon {unknown}
 g - 4 scrolls of magic mapping {unknown}
 h - 2 scrolls of teleportation {unknown}
 i - 2 scrolls of vulnerability {unknown}
 k - 3 scrolls of identify {unknown}
 m - 2 scrolls of acquirement {unknown}
 n - a scroll of immolation {unknown}
 u - a scroll of amnesia {unknown}
Potions
 e - a potion of haste
 j - a potion of cancellation
 o - a potion of resistance
 s - a potion of mutation {unknown}
 v - a potion of heal wounds {unknown}


   Skills:
 + Level 2.4 Fighting
 + Level 3.3 Armour
 + Level 3.1 Dodging
 + Level 5.0 Stealth
 + Level 5.4 Spellcasting
 + Level 4.4 Conjurations
 + Level 1.0 Summonings
 + Level 1.1 Translocations
 + Level 0.4 Air Magic
 + Level 1.0 Poison Magic


You had 6 spell levels left.
You knew the following spells:

 Your Spells              Type           Power      Damage    Failure   Level
a - Magic Dart            Conj           76%        1d6       2%          1
b - Mephitic Cloud        Conj/Pois/Air  11%        N/A       24%         3
c - Conjure Flame         Conj/Fire      12%        6-21      22%         3
d - Blink                 Tloc           N/A        N/A       17%         2
e - Slow                  Hex            4%         N/A       26%         2

Your spell library contained the following spells:

 Spells                   Type           Power      Damage    Failure   Level
 Shock                    Conj/Air       48%        1d6       6%          1
 Call Imp                 Summ           8%         N/A       17%         2
 Sublimation of Blood     Necr           2%         N/A       26%         2
 Wereblood                Tmut           4%         N/A       26%         2
 Gell's Gravitas          Tloc           4%         N/A       32%         3
 Lesser Beckoning         Tloc           4%         N/A       32%         3
 Teleport Other           Tloc           8%         N/A       32%         3
 Swiftness                Air            5%         N/A       41%         3
 Airstrike                Air            2%         N/A       82%         4
 Summon Hydra             Summ           4%         N/A       100%        7


Dungeon Overview and Level Annotations

Branches:
Dungeon (5/15)
 Temple: D:4-7

Altars:


Innate Abilities, Weirdness & Mutations

Your serpentine skin is tough. (AC +2)
You have supernaturally acute eyesight. (SInv)
Armour fits poorly on your strangely shaped body.
Your system is resistant to poisons. (rPois)
You cover ground very slowly.
You can spit poison.
You have a snake-like lower body.


Message History

You climb upwards.
There is a stone staircase leading down here.
Okay, then.
You barely miss the water moccasin.
The water moccasin is heavily wounded.
The water moccasin barely misses you.
The water moccasin bites you but does no damage.
You barely miss the water moccasin.
The water moccasin is heavily wounded.
The water moccasin barely misses you.
Casting: Mephitic Cloud (dangerous; 24% risk of failure)
Confirm with . or Enter, or press ? or * to list all spells.
You blink.
The water moccasin bites you.
* * * LOW HITPOINT WARNING * * *
Casting: Blink (safe; 17% risk of failure)
Confirm with . or Enter, or press ? or * to list all spells.
You don't have enough magic to cast this spell.
Aiming: Paralyse
Press: ? - help, Shift-Dir - straight line, f - water moccasin
Aim: a water moccasin (heavily wounded, chance to affect: 46%)
The water moccasin resists with some effort.
The water moccasin misses you. The water moccasin closely misses you.
Aiming: Paralyse
Press: ? - help, Shift-Dir - straight line, f/p - water moccasin
Aim: a water moccasin (heavily wounded, chance to affect: 46%)
The water moccasin resists with some effort.
The water moccasin bites you but does no damage.
Aiming: Paralyse
Press: ? - help, Shift-Dir - straight line, f/p - water moccasin
Aim: a water moccasin (heavily wounded, chance to affect: 46%)
The water moccasin resists with some effort.
The water moccasin barely misses you. The water moccasin bites you.
* * * LOW HITPOINT WARNING * * *
Unknown command.
Aiming: Paralyse
Press: ? - help, Shift-Dir - straight line, f/p - water moccasin
Aim: a water moccasin (heavily wounded, chance to affect: 46%)
The water moccasin resists with some effort.
The water moccasin bites you!
You die...

#......#.....# #.#
#.####.#.....# #####.###
#...##.####### #.......#
#.#.##.## #####.###.#.#
#....†..# #......##.#.#
##..###.#####.###..#..#.#
#..#.........>......##.#
#..#.#.#####.S#.....##.#
#..#.#.# #..@........#
#>.....# ##.#.....####
######## #.####.##
#.####.# #......#
########


You could see a water moccasin.

Vanquished Creatures
  2 water moccasins (D:5)
  An orc warrior (D:4)
  A black bear (D:4)
  An ogre (D:5)
  2 water moccasin skeletons (D:5)
  A centaur skeleton (D:4)
  A gnoll shaman (D:5)
  3 iguanas (D:4)
  A scorpion zombie (D:5)
  Natasha (thrice) (D:2)
  Terence (D:2)
  An orc wizard (D:4)
  A hound zombie (D:5)
  2 hound skeletons (D:4)
  4 gnolls (D:5)
  A howler monkey skeleton (D:5)
  10 adders
  2 ufetubi (D:5)
  2 adder skeletons (D:4)
  3 worms
  2 dart slugs (D:1)
  14 orcs
  4 endoplasms
  4 giant cockroaches
  8 goblins
  8 hobgoblins
  7 jackals
  6 kobolds
  6 quokkas
  6 ball pythons
  2 bats (D:1)
  5 frilled lizards
  A jackal skeleton (D:4)
  3 rats
119 creatures vanquished.

Vanquished Creatures (others)
  A black bear (D:5)
  A scorpion (D:5)
  A jelly (D:5)
  An iguana (D:5)
  An adder (D:5)
5 creatures vanquished.

Grand Total: 124 creatures vanquished

Notes
Turn   | Place    | Note
-------+----------+-------------------------------------------
     0 | D:1      | zazu2006 the Naga Hedge Wizard began the quest for the Orb.
     0 | D:1      | Reached XP level 1. HP: 15/15 MP: 4/4
   328 | D:1      | Reached XP level 2. HP: 22/22 MP: 0/6
  1118 | D:1      | Reached XP level 3. HP: 24/28 MP: 4/8
  1294 | D:1      | Found a faded altar of an unknown god.
  1587 | D:2      | Reached skill level 1 in Armour
  2022 | D:2      | Reached XP level 4. HP: 17/36 MP: 2/9
  2197 | D:2      | Noticed Natasha
  2210 | D:2      | Killed Natasha
  2792 | D:2      | Noticed Natasha
  2798 | D:2      | Killed Natasha
  2799 | D:2      | Reached XP level 5. HP: 43/43 MP: 6/10
  2820 | D:2      | Noticed Natasha
  2824 | D:2      | Killed Natasha
  3117 | D:2      | Noticed Terence
  3132 | D:2      | Killed Terence
  4010 | D:3      | Reached XP level 6. HP: 50/50 MP: 7/12
  4795 | D:4      | Noticed a black bear
  4806 | D:4      | Killed a black bear
  4807 | D:4      | Reached skill level 1 in Fighting
  4811 | D:4      | Learned a level 3 spell: Mephitic Cloud
  4814 | D:4      | Learned a level 2 spell: Slow
  4817 | D:4      | Learned a level 2 spell: Blink
  5511 | D:4      | Reached XP level 7. HP: 39/57 MP: 9/13
  6641 | D:5      | Entered Level 5 of the Dungeon
  6779 | D:5      | Reached skill level 1 in Poison Magic
  6926 | D:5      | Reached skill level 5 in Spellcasting
  7042 | D:5      | Reached XP level 8. HP: 27/68 MP: 12/15
  7597 | D:5      | Learned a level 3 spell: Conjure Flame
  7692 | D:5      | Reached skill level 5 in Stealth
  7721 | D:4      | Slain by a water moccasin

Illustrated notes

Levels and vault maps discovered:
D:1:      amcnicky_arrival_wind_blow, layout_loops_corners,
          shapermc_ecumenical_altar_venn
D:2:      layout_basic, serial_corexii_hall, corexii_hall_statues_i,
          chequers_hall_statues_corner_a, uniq_natasha, uniq_terence
D:3:      layout_basic, minmay_randomly_rotated_circles
D:4:      layout_loops_cross, minmay_misc_feat_tower, minmay_pentomino_pile
D:5:      layout_rooms, xom_confusion_cloud, minmay_misc_feat_encased,
          minmay_puff

Skill      XL: |  1  2  3  4  5  6  7  8 |
---------------+-------------------------+-----
Armour         | 1 2 3 |  3.3
Conjurations   | 2 3 4 |  4.4
Spellcasting   | 4 5 |  5.4
Fighting       | 1 2 |  2.4
Dodging        | 2 3 |  3.1
Stealth        | 4 5 |  5.0
Poison Magic   | 1 |  1.0
Summonings     | |  1.0
Translocations | |  1.1
Air Magic      | |  0.4

Action                   |  1- 3 |  4- 6 |  7- 9 || total
-------------------------+-------+-------+-------++-------
Melee: Dagger            |    25 |   114 |   154 ||   293
 Cast: Magic Dart        |    63 |    96 |    66 ||   225
       Mephitic Cloud    |       |       |     6 ||     6
       Blink             |       |       |     5 ||     5
 Abil: Spit Poison       |    12 |    15 |     5 ||    32
Evoke: Wand              |       |       |     4 ||     4
  Use: Potion            |       |       |     3 ||     3
 Stab: Sleeping          |       |     1 |       ||     1
       Confused          |       |       |     2 ||     2
Armor: Leather armour    |     4 |    31 |    33 ||    68
Dodge: Dodged            |    24 |    70 |   109 ||   203

Table legend: (Time is in decaauts)
 A = Elapsed time spent in this place.
 B = Non-inter-level travel time spent in this place.
 C = Inter-level travel time spent in this place.
 D = Time resting spent in this place.
 E = Time spent auto-exploring this place.
 F = Levels seen in this place.
 G = Mean time per level.
                   A        B        C        D        E       F      G
               +--------+--------+--------+--------+--------+-----+--------+
         Total |   8904 |   8795 |    109 |    347 |   7473 |   5 | 1780.8 |
       Dungeon |   8904 |   8795 |    109 |    347 |   7473 |   5 | 1780.8 |
               +--------+--------+--------+--------+--------+-----+--------+

Top non-repeatable levels by time:
     D:2: 2385 daAuts
     D:4: 2103 daAuts
     D:1: 1763 daAuts
     D:3: 1517 daAuts
     D:5: 1134 daAuts
